 Dungeon Crawl Stone Soup version 0.31.0-11-ge490571c62 (webtiles) character file.

Game seed: 14764070373260542648

14301 stipulation the Artisan of Death (level 12, -5/51 HPs)
             Began as a Vine Stalker Necromancer on Jan 28, 2024.
             Was a Priest of Kikubaaqudgha.
             Incinerated by a deep elf pyromancer (15 damage)
             ... with a pyre arrow
             ... on level 11 of the Dungeon.
             The game lasted 00:39:43 (18927 turns).

stipulation the Artisan of Death (VSNe)            Turns: 18927, Time: 00:39:44

Health: -5/51      AC: 16    Str: 12    XL:     12   Next: 15%
Magic:  0/29       EV: 10    Int: 19    God:    Kikubaaqudgha [***...]
Gold:   540        SH:  0    Dex: 15    Spells: 15/36 levels left

rFire   . . .        C - staff of death
rCold   . . .        (no shield)
rNeg    + . .        s - +7 ring mail of Omiwebuu {^Contam rElec rCorr SInv}
rPois   .            B - +0 helmet
rElec   +            (no cloak)
rCorr   +            i - +0 pair of gloves
SInv    +            x - +0 pair of boots
Will    +....        (no amulet)
Stlth   +            o - ring of see invisible
HPRegen 1.08/turn    h - +4 ring of slaying
MPRegen 0.21/turn

%: guardian spirit
@: on fire, glowing
A: fangs 3, regeneration 1, magic shield, antimagic bite, no potion heal 2
a: Renounce Religion, Unearth Wretches


You were on level 11 of the Dungeon.
You worshipped Kikubaaqudgha.
Kikubaaqudgha was most pleased with you.
You visited 2 branches of the dungeon, and saw 12 of its levels.

You collected 540 gold pieces.

Inventory:

Hand Weapons
 q - a +0 dagger
Armour
 i - a +0 pair of gloves (worn)
 s - the +7 ring mail of Omiwebuu (worn) {^Contam rElec rCorr SInv}
   (You found it on level 5 of the Dungeon)

   rElec:     It insulates you from electricity.
   SInv:      It lets you see invisible.
   ^Contam:   It causes magical contamination when unequipped.
   rCorr:     It protects you from acid and corrosion.
 x - a +0 pair of boots (worn)
 B - a +0 helmet (worn)
Magical Staves
 C - a staff of death (weapon)
Jewellery
 d - a +6 ring of dexterity
 h - a +4 ring of slaying (right hand)
 o - a ring of see invisible (left hand)
 D - a ring of ice
Wands
 v - a wand of paralysis (7)
 w - a wand of iceblast (2)
 y - a wand of mindburst (31)
Scrolls
 b - 2 scrolls of amnesia {unknown}
 c - a scroll of blinking
 f - a scroll of vulnerability
 j - a scroll of fog
 m - 2 scrolls of fear
 r - 3 scrolls of revelation
 z - 6 scrolls of identify
Potions
 a - a potion of invisibility {unknown}
 e - 3 potions of curing
 g - 3 potions of brilliance {unknown}
 k - a potion of might {unknown}
 l - 2 potions of haste {unknown}
 n - 3 potions of mutation {unknown}
 p - 2 potions of heal wounds {unknown}
 t - a potion of berserk rage {unknown}
 u - a potion of enlightenment {unknown}
 A - a potion of lignification {unknown}


   Skills:
 - Level 4.0 Armour
 - Level 1.5 Dodging
 - Level 2.4 Stealth
 + Level 12.9 Spellcasting
 + Level 2.2 Hexes
 * Level 13.6 Necromancy
 + Level 2.0 Earth Magic
 + Level 1.9 Evocations


You had 15 spell levels left.
You knew the following spells:

 Your Spells              Type           Power      Damage    Failure   Level
a - Necrotise             Necr           100%       1d9       1%          1
b - Vampiric Draining     Necr           77%        2d11      1%          3
c - Animate Dead          Necr           77%        N/A       1%          4
d - Sublimation of Blood  Necr           77%        N/A       1%          2
e - Dispel Undead         Necr           77%        3d25      1%          4
f - Anguish               Hex/Necr       29%        N/A       4%          4
g - Passwall              Erth           20%        N/A       16%         3

Your spell library contained the following spells:

 Spells                   Type           Power      Damage    Failure   Level
 Kiss of Death            Conj/Necr      100%       2d13      1%          1
 Curse of Agony           Necr           77%        N/A       1%          5
 Jinxbite                 Hex            40%        N/A       7%          2
 Death Channel            Necr           38%        N/A       7%          6
 Ensorcelled Hibernation  Hex/Ice        32%        N/A       11%         2
 Gell's Gravitas          Tloc           12%        N/A       34%         3
 Swiftness                Air            12%        N/A       34%         3
 Teleport Other           Tloc           12%        N/A       34%         3
 Volatile Blastmotes      Fire/Tloc      24%        2d12      34%         3
 Fulminant Prism          Conj/Alch      6%         3d7       75%         4
 Iskenderun's Mystic Bla  Conj/Tloc      12%        2d5       75%         4
 Vhi's Electric Charge    Tloc/Air       24%        N/A       75%         4
 Yara's Violent Unravell  Hex/Alch       8%         3d5       90%         5
 Arcjolt                  Conj/Air       6%         1d16      97%         5
 Dispersal                Tloc           6%         N/A       100%        6
 Enfeeble                 Hex            10%        N/A       100%        7
 Maxwell's Capacitive Co  Air            6%         ∞         100%        8


Dungeon Overview and Level Annotations

Branches:
Dungeon (11/15)            Temple (1/1) D:6            Lair (0/5) D:9
    Orc (0/2) D:10

Altars:
Ashenzari
Cheibriados
Dithmenos
Elyvilon
Fedhas
Gozag
Hepliaklqana
Kikubaaqudgha
Makhleb
Nemelex Xobeh
Okawaru
Qazlal
Ru
Sif Muna
Trog
Uskayaw
Vehumet
Wu Jian
Xom
Yredelemnul
Zin
The Shining One

Shops:
D:3 (   D:4 :

Annotations:
D:2 1 runed translucent door, Crazy Yiuf
D:3 2 transporters, Skitler's ghost, amateur GnGl
D:9 2 exclusions
D:11 1 transporter


Innate Abilities, Weirdness & Mutations

You have razor-sharp teeth.
Your natural rate of healing is unusually fast.
When hurt, damage is shared between your health and your magic reserves.
Your bite disrupts and absorbs the magic of your enemies.
Potions cannot restore your health.


Message History

Casting: Dispel Undead (safe; 1% risk of failure)
Confirm with . or Enter, or press ? or * to list all spells.
Okay, then.
You closely miss the fire elemental. You bite the fire elemental.
You destroy the fire elemental!
The fire elemental disappears in a puff of smoke!
The deep elf pyromancer casts a spell at you.
The bolt of fire hits you!!
The troll shouts!
The deep elf pyromancer gestures at you while chanting.
The pyre arrow hits you.
You are covered in intense liquid fire!
Your two-headed ogre zombie hits the deep elf pyromancer!
Your two-headed ogre zombie misses the deep elf pyromancer.
Casting: Dispel Undead (safe; 1% risk of failure)
Confirm with . or Enter, or press ? or * to list all spells.
Aiming: Vampiric Draining (safe; 1% risk of failure)
Press: ? - help, Shift-Dir - straight line, f - deep elf pyromancer
Aim: a deep elf pyromancer, wielding a +0 short sword and wearing a +0 leather armour (moderately wounded, not watching you, ally target)
You feel a surge of power!
You draw life force from the deep elf pyromancer!
You feel life coursing into your body! The liquid fire burns you!
The deep elf pyromancer hits you but does no damage.
You hit the deep elf pyromancer.
The deep elf pyromancer is almost dead.
The liquid fire burns you!
* * * LOW HITPOINT WARNING * * *
Your two-headed ogre zombie misses the deep elf pyromancer. x2
The deep elf pyromancer hits you but does no damage.
Casting: Vampiric Draining (safe; 1% risk of failure)
Confirm with . or Enter, or press ? or * to list all spells.
Aiming: Necrotise (safe; 1% risk of failure)
Press: ? - help, Shift-Dir - straight line, f/p - deep elf pyromancer
Aim: a deep elf pyromancer, wielding a +0 short sword and wearing a +0 leather armour (severely wounded, ally target, chance to affect: 70%)
You feel a surge of power!
The deep elf pyromancer struggles to resist.
The liquid fire burns you!
You die...
Kikubaaqudgha rasps: "You have failed me!
Welcome... death!"

...yT ###.QO# .#####
..©.. #.###...##
####### .......
....... ..###..e#
#######
......Z@######## ##.
#####..Z.......#
##..
#..........######...
#................<..
#..........###.##...
#..............###..
##.........##..###..
#.........##ZZ#.)..
#.........##.Z#.###


You could see a tengu warrior, a two-headed ogre, a moth of wrath, a deep elf
pyromancer (ally target), a troll, a friendly orc zombie and a friendly
two-headed ogre zombie.

Vanquished Creatures
  Josephine (D:10)
  Fannar (D:11)
  A two-headed ogre (D:11)
  A deep elf pyromancer (D:10)
  An ugly thing (D:11)
  2 vault sentinels (D:8)
  A kobold demonologist (D:10)
  Jeremiah (D:6)
  3 unseen horrors
  Psyche (D:8)
  A troll (D:9)
  Sigmund (D:4)
  3 shadows
  2 yaks (D:10)
  3 wyverns (D:9)
  4 wraiths (D:10)
  A vampire (D:11)
  Eustachio (D:5)
  A vampire mosquito (D:10)
  Edmund (D:5)
  4 orc warriors
  3 black bears
  3 sky beasts
  2 ice beasts
  2 ogres
  3 centaurs
  2 wolves (D:9)
  A phantom (D:6)
  19 kobold brigands (D:10)
  5 bullfrogs
  Blork the orc (D:5)
  13 wights
  9 killer bees
  7 electric eels
  A howler monkey (D:10)
  2 jellies (D:5)
  7 orc priests
  10 hounds
  2 gnoll boudas
  A sleepcap (D:5)
  Ijyb (D:5)
  Terence (D:3)
  4 iguanas
  7 orc wizards
  9 gnolls
  6 adders
  A white imp (D:5)
  5 dart slugs
  4 ribbon worms
  31 orcs
  6 endoplasms
  9 giant cockroaches
  5 goblins
  13 hobgoblins
  6 jackals
  17 kobolds
  5 quokkas
  8 ball pythons
  7 bats
  6 frilled lizards
  5 rats
  A spectral kobold (D:5)
285 creatures vanquished.

Vanquished Creatures (collateral kills)
  Prince Ribbit (D:7)
  A shadow (D:10)
  A wraith (D:10)
  An orc warrior (D:10)
  A kobold brigand (D:6)
  3 hounds
  An orc wizard (D:10)
  A gnoll (D:8)
  3 dart slugs
  3 orcs
  A giant cockroach (D:1)
  2 jackals
  A frilled lizard (D:6)
  A kobold (D:2)
21 creatures vanquished.

Vanquished Creatures (others)
  8 kobold zombies (D:10)
  3 gnoll zombies (D:8)
  8 orc zombies
19 creatures vanquished.

Grand Total: 325 creatures vanquished

Notes
Turn   | Place    | Note
-------+----------+-------------------------------------------
     0 | D:1      | stipulation the Vine Stalker Necromancer began the quest
                  | for the Orb.
     0 | D:1      | Reached XP level 1. HP: 9/9 MP: 4/4
   175 | D:1      | Reached XP level 2. HP: 13/13 MP: 0/6
   345 | D:1      | Reached XP level 3. HP: 15/16 MP: 1/8
  1676 | D:2      | Reached XP level 4. HP: 16/21 MP: 0/10
  2073 | D:2      | Found a runed translucent door.
  2074 | D:2      | Noticed Crazy Yiuf
  2363 | D:2      | Learned a level 3 spell: Vampiric Draining
  2368 | D:2      | Learned a level 4 spell: Animate Dead
  2572 | D:3      | Found Azoonum's Antique Weapon Boutique.
  2619 | D:3      | Reached skill level 5 in Necromancy
  2782 | D:3      | Reached XP level 5. HP: 24/24 MP: 1/11
  2934 | D:3      | Found an ornate altar of the Wu Jian Council.
  2963 | D:3      | Found a transporter.
  2963 | D:3      | Noticed Skitler's ghost (amateur GnGl)
  3281 | D:3      | Noticed Terence
  3288 | D:3      | Killed Terence
  3441 | D:3      | Found a transporter.
  3543 | D:4      | Noticed a black bear
  3555 | D:4      | Killed a black bear
  3556 | D:4      | Reached XP level 6. HP: 28/28 MP: 2/14
  3693 | D:4      | Reached skill level 6 in Necromancy
  3808 | D:4      | Reached skill level 5 in Spellcasting
  3952 | D:4      | Found Rony's Self-Improvement Boutique.
  4030 | D:4      | Found a white marble altar of Elyvilon.
  4288 | D:4      | Noticed Sigmund
  4293 | D:4      | Killed Sigmund
  4294 | D:4      | Reached XP level 7. HP: 28/32 MP: 0/16
  4627 | D:5      | Entered Level 5 of the Dungeon
  4628 | D:5      | Noticed Edmund
  4701 | D:5      | Identified the +7 ring mail of Omiwebuu {^Contam rElec
                  | rCorr SInv}
  4762 | D:5      | Noticed Eustachio
  4770 | D:5      | Killed Eustachio
  4771 | D:5      | Reached skill level 7 in Necromancy
  4991 | D:5      | Gained mutation: You have razor-sharp teeth. [Vine Stalker
                  | growth]
  4991 | D:5      | Reached XP level 8. HP: 36/36 MP: 5/18
  5165 | D:5      | Found a hazy altar of Hepliaklqana.
  5207 | D:5      | Noticed Blork the orc
  5219 | D:5      | Killed Blork the orc
  5279 | D:5      | Found a stormy altar of Qazlal.
  5290 | D:5      | Identified the +3 quarterstaff of Abuse {spect, rF+ Will-
                  | Dex+6}
  5676 | D:5      | Noticed Ijyb
  5689 | D:5      | Killed Ijyb
  5693 | D:5      | Reached skill level 8 in Necromancy
  6120 | D:6      | Reached skill level 1 in Armour
  6228 | D:6      | Found a staircase to the Ecumenical Temple.
  6245 | Temple   | Entered the Ecumenical Temple
  6266 | Temple   | Became a worshipper of Kikubaaqudgha
  6414 | D:6      | Noticed Jeremiah
  6692 | D:6      | Killed Jeremiah
  6693 | D:6      | Reached XP level 9. HP: 35/39 MP: 9/22
  6830 | D:6      | Found an opulent altar of Gozag.
  6917 | D:6      | You fall into a shaft and drop 3 floors!
  6930 | D:9      | Noticed a troll
  6942 | D:9      | Killed a troll
  6943 | D:9      | Reached skill level 9 in Necromancy
  7400 | D:9      | Reached * piety under Kikubaaqudgha
  7400 | D:9      | Received a gift from Kikubaaqudgha
  8288 | D:6      | Learned a level 2 spell: Sublimation of Blood
  8725 | D:7      | Noticed Prince Ribbit
  8739 | D:7      | Reached skill level 10 in Necromancy
  8739 | D:7      | Reached XP level 10. HP: 40/44 MP: 12/24
  8754 | D:7      | Killed Prince Ribbit
 10040 | D:8      | Noticed Psyche
 10076 | D:8      | Killed Psyche
 10077 | D:8      | Reached skill level 10 in Spellcasting
 10631 | D:8      | Noticed an unseen horror
 10639 | D:8      | Killed an unseen horror
 10758 | D:8      | Noticed a vault sentinel
 10758 | D:8      | Noticed a vault sentinel
 10928 | D:8      | Found a blossoming altar of Fedhas.
 11429 | D:8      | Killed a vault sentinel
 11430 | D:8      | Reached skill level 11 in Necromancy
 11807 | D:8      | Killed a vault sentinel
 11826 | D:8      | Found the +18 shield of the Gong {Loud rN+ Will+ rCorr
                  | EV-5}
 12200 | D:8      | Found a blossoming altar of Fedhas.
 13120 | D:9      | Noticed an orange demon
 13149 | D:9      | Found a staircase to the Lair.
 13172 | D:9      | Found an iron altar of Okawaru.
 13368 | D:9      | Found a shimmering blue altar of Sif Muna.
 13592 | D:10     | Entered Level 10 of the Dungeon
 13821 | D:10     | Noticed an unseen horror
 13830 | D:10     | Killed an unseen horror
 13967 | D:10     | Noticed a deep elf pyromancer
 14065 | D:10     | Reached XP level 11. HP: 47/47 MP: 27/27
 14249 | D:10     | Reached skill level 12 in Necromancy
 14254 | D:10     | Reached ** piety under Kikubaaqudgha
 15072 | D:10     | Killed a deep elf pyromancer
 15077 | D:10     | Noticed Josephine
 15723 | D:11     | Noticed Fannar
 16011 | D:10     | Reached *** piety under Kikubaaqudgha
 16011 | D:10     | Received a gift from Kikubaaqudgha
 16036 | D:10     | Learned a level 4 spell: Dispel Undead
 16109 | D:10     | Found a staircase to the Orcish Mines.
 16352 | D:10     | Killed Josephine
 16353 | D:10     | Reached skill level 13 in Necromancy
 16756 | D:10     | Learned a level 4 spell: Anguish
 17192 | D:6      | Learned a level 3 spell: Passwall
 17437 | D:5      | Killed Edmund
 17938 | D:9      | Reached skill level 1 in Hexes
 18307 | D:11     | Killed Fannar
 18308 | D:11     | Reached skill level 1 in Earth Magic
 18308 | D:11     | Reached skill level 1 in Evocations
 18308 | D:11     | Reached XP level 12. HP: 51/51 MP: 6/29
 18504 | D:11     | Found a sparkling altar of Nemelex Xobeh.
 18697 | D:11     | Noticed a two-headed ogre
 18706 | D:11     | Killed a two-headed ogre
 18914 | D:11     | Found a transporter.
 18917 | D:11     | Noticed a two-headed ogre
 18918 | D:11     | Noticed a tengu warrior
 18927 | D:11     | Incinerated by a deep elf pyromancer

Illustrated notes

Levels and vault maps discovered:
D:1:      giann_bridges, layout_loops_cross
D:2:      layout_basic, hangedman_decor_clover_reticule, minivault_4,
          uniq_crazy_yiuf_cottage
D:3:      layout_basic, pdpol_wu_jian_five_deadly_venoms, serial_glass,
          glass_columns_b, glass_columns_a, gammafunk_ghost_mausoleum,
          serial_shops, shop, st_stairs_4, chequers_serial_rivers_micro_c,
          uniq_terence
D:4:      minmay_octagon_keep, layout_basic, mainiacjoe_overflow_chevrons,
          nicolae_shop_self_help, uniq_sigmund
D:5:      layout_loops_ring, nicolae_hepliaklqana_monster_ancestors,
          mainiacjoe_overflow_24_doors, serial_rivers,
          chequers_serial_rivers_small_3, chequers_serial_rivers_room_b,
          chequers_serial_rivers_marsh, chequers_serial_rivers_small_b,
          chequers_serial_rivers_micro_b, chequers_serial_rivers_small_b,
          uniq_eustachio, uniq_ijyb, uniq_blork_the_orc, uniq_edmund
D:6:      layout_rooms, grunt_gozag_breadcrumbs, minmay_temple_entry_mist,
          serial_aquarium, aquarium_bridge_square [aquarium_subvault_bridge,
          aquarium_subvault_wall, aquarium_subvault_window,
          aquarium_subvault_bridge], aquarium_bridge_long_joined
          [aquarium_subvault_wall, aquarium_subvault_window,
          aquarium_subvault_bridge, aquarium_subvault_window,
          aquarium_subvault_bridge, aquarium_subvault_wall],
          aquarium_window_fake, aquarium_window_corridor_2, aquarium_view_2d,
          aquarium_view_2a, aquarium_balcony_3a, aquarium_pool_2, uniq_jeremiah
D:7:      layout_basic, uniq_prince_ribbit1
D:8:      layout_layer_cave, mainiacjoe_overflow_surrounded_room,
          nrook_campfire, hellmonk_guarded_unrand_gong, uniq_psyche
D:9:      layout_grid_maze, lemuel_tele_altar, mainiacjoe_overflow_alcove_2,
          erik_lair_island, uniq_amaemon
D:10:     layout_basic, erik_orc_2, special_room [special_room_kobold],
          minmay_quadrilaterals, uniq_josephine
D:11:     layout_loops_ring, gammafunk_ghost_wrathful_warriors,
          nemelex_xobeh_ov_fountains_minmay, uniq_lodul, uniq_fannar
Temple:   dpeg_chambers_temple

Skill      XL: |  1  2  3  4  5  6  7  8  9 10 11 12 |
---------------+-------------------------------------+-----
Spellcasting   | 3 4 5 6 8 9 11 12 | 12.9
Necromancy     | 5 6 7 8 10 11 13 | 13.6
Armour         | 2 4 |  4.0
Hexes          | 1 2 |  2.2
Earth Magic    | 1 2 |  2.0
Evocations     | 1 |  1.9
Dodging        | |  1.5
Stealth        | |  2.4

Action                     |  1- 3 |  4- 6 |  7- 9 | 10-12 || total
---------------------------+-------+-------+-------+-------++-------
  Melee: Unarmed           |    14 |    14 |    17 |       ||    45
         Bite              |     6 |     6 |    15 |    75 ||   102
         Dagger            |       |       |    23 |   170 ||   193
         Punch             |       |       |     1 |     2 ||     3
         Staff             |       |       |       |    11 ||    11
   Cast: Necrotise         |    77 |   118 |   196 |   270 ||   661
         Vampiric Draining |       |     6 |    37 |   126 ||   169
         Animate Dead      |       |       |       |    11 ||    11
         Dispel Undead     |       |       |       |    12 ||    12
         Passwall          |       |       |       |     2 ||     2
  Evoke: Wand              |       |       |     4 |    16 ||    20
    Use: Scroll            |       |       |     3 |     8 ||    11
         Potion            |       |       |     2 |     3 ||     5
   Stab: Distracted        |       |       |       |     1 ||     1
 Armour: Robe              |    19 |    35 |    40 |       ||    94
         Ring mail         |       |       |   136 |   424 ||   560
         Skin              |       |       |       |     1 ||     1
  Dodge: Dodged            |    15 |    33 |   133 |   192 ||   373
